 Dungeon Crawl Stone Soup version 0.24-a0-464-g6b2be6b8c7 (webtiles) character file.

Game seed: 15993196460349889932

220 Inquire the Charlatan (level 5, -3/44 HPs)
             Began as a Hill Orc Artificer on July 4, 2019.
             Was an Initiate of Trog.
             Slain by an orc
             ... wielding a cursed +0 flail
              (6 damage)
             ... on level 4 of the Dungeon.
             The game lasted 00:05:38 (3027 turns).

Inquire the Charlatan (Hill Orc Artificer)          Turns: 3027, Time: 00:05:39

Health: -3/44      AC:  4    Str: 16    XL:     5   Next: 97%
Magic:  8/8        EV: 12    Int: 11    God:    Trog [......]
Gold:   144        SH:  0    Dex: 11    Spells: 4/4 levels left

rFire    . . .     SeeInvis .   m - +0 war axe
rCold    . . .     Gourm    .   (no shield)
rNeg     . . .     Faith    .   b - +1 leather armour
rPois    .         Spirit   .   (no helmet)
rElec    .         Reflect  .   (no cloak)
rCorr    .         Harm     .   (no gloves)
MR       .....                  (no boots)
Stlth    +.........             (no amulet)
HPRegen  0.14/turn              k - +1 ring of evasion
MPRegen  0.11/turn              (no ring)

@: no status effects
A: no striking features
a: Renounce Religion, Convert to Beogh


You were on level 4 of the Dungeon.
You worshipped Trog.
Trog was noncommittal.
You were not hungry.

You visited 1 branch of the dungeon, and saw 4 of its levels.

You collected 144 gold pieces.

Inventory:

Hand Weapons
 l - a +1 hand axe
 m - a +0 war axe (weapon)
Missiles
 i - 12 poisoned darts (quivered)
Armour
 b - a +1 leather armour (worn)
Jewellery
 k - a +1 ring of evasion (left hand)
Wands
 c - a wand of flame (10)
 d - a wand of enslavement (12)
 e - a wand of random effects (9)
Scrolls
 n - a scroll of remove curse
Potions
 g - a potion of flight
Comestibles
 f - 6 rations
 h - 2 chunks of flesh


   Skills:
 + Level 2.8 Fighting
   Level 1.0 Short Blades
 * Level 3.1 Axes
 * Level 2.4 Throwing
 - Level 1.7 Dodging
 - Level 0.7 Stealth
 * Level 4.3 Evocations


You had 4 spell levels left.
You didn't know any spells.
Your spell library was empty.

Dungeon Overview and Level Annotations

Branches:
Dungeon (4/15)
 Temple: D:4-7

Altars:
Trog

Annotations:
D:3 Purgy


Message History

Orders for allies: a - Attack new target. p - Attack previous target. r - Retreat! s - Stop attacking. g - Guard the area. f - Follow me.
Anything else - Cancel.
Gang up on whom?
Press: ? - help, Dir - move target cursor, f - orc, p - orc wizard
Aim: an orc, wielding a +0 flail and wearing a +0 chain mail Attack!
The orc priest hits your orc wizard but does no damage.
The orc hits you with a cursed +0 flail.
* * * LOW HITPOINT WARNING * * *
Unknown command.
Okay, then.
The orc priest shouts, "Surrender to Beogh and we'll let you live!"
You hit the orc but do no damage.
Your orc wizard hits the orc priest but does no damage.
The orc priest hits your orc wizard with a +0 hand axe.
Your orc wizard hits the orc priest but does no damage.
The orc hits you with a cursed +0 flail.
You die...

***,***,,****** *.,* *,* *
,,,*,**,,* ##.** *,* *
,,,**,*,.#*##**#..* *,* *
,,,***,,,....,>..#* *,*****
,,,**,*,,,..#**#.# *,,,,,*
,,,*,*****#.# #.# *****,* ***,**
###/####o# *,* *,,** #.....##o#
*,* ***** #.....##@# *,*
***_***#.<...So(# *,*
**8,,,8*#....?#### *,*
**,,,,,*#.....# **********,*
*8,,,,,8###.### *,,,,,,,,,,,
**,,,,,** #%# **,********,*
*8,,,8***#.#********,,,** *,*
**,,,,,*#.o.......#*,***,******,*
*8,,,,,8#..[.......,,* *,,,,,,>,*


You could see an orc priest, an adder, an orc and a friendly orc wizard.

Vanquished Creatures
  A scorpion (D:2)
  A hound (D:4)
  4 adders (D:2)
  An ooze (D:1)
  4 worms
  3 dart slugs
  A leopard gecko (D:3)
  9 orcs
  3 giant cockroaches
  4 goblins
  6 hobgoblins
  11 bats
  3 frilled lizards
  12 kobolds
  8 rats
71 creatures vanquished.

Vanquished Creatures (collateral kills)
  A goblin (D:1)
  A rat (D:1)
2 creatures vanquished.

Grand Total: 73 creatures vanquished

Notes
Turn   | Place    | Note
-------+----------+-------------------------------------------
     0 | D:1      | Inquire the Hill Orc Artificer began the quest for the Orb.
     0 | D:1      | Reached XP level 1. HP: 16/16 MP: 3/3
   234 | D:1      | Reached XP level 2. HP: 14/23 MP: 4/4
  1114 | D:1      | Reached XP level 3. HP: 29/29 MP: 5/5
  1220 | D:1      | Reached skill level 1 in Axes
  1524 | D:2      | Reached skill level 1 in Throwing
  1650 | D:2      | Reached XP level 4. HP: 23/36 MP: 6/6
  2161 | D:2      | Reached skill level 4 in Evocations
  2161 | D:2      | Reached XP level 5. HP: 31/42 MP: 6/8
  2586 | D:3      | Found a bloodstained altar of Trog.
  2605 | D:3      | Became a worshipper of Trog the Wrathful
  2923 | D:3      | Noticed Purgy
  3027 | D:4      | Slain by an orc

Levels and vault maps discovered:
D:1:      matt_arrival_spirals, layout_basic
D:2:      layout_basic, minmay_misc_feat_pillars
D:3:      layout_rooms, bloody_trog, first_ration, uniq_purgy
D:4:      layout_loops_ring, nicolae_overflow_hidden_temple,
          grunt_temple_overflow_cloverleaf, tso_metal_star

Skill      XL: |  1  2  3  4  5 |
---------------+----------------+-----
Axes           | 1 2 3 |  3.1
Throwing       | 1 2 |  2.4
Fighting       | 2 |  2.8
Evocations     | 4 |  4.3
Short Blades   | |  1.0
Dodging        | |  1.7
Stealth        | |  0.7

Action                   |  1- 3 |  4- 6 || total
-------------------------+-------+-------++-------
Melee: Short sword       |    52 |       ||    52
       Hand axe          |   111 |   101 ||   212
       War axe           |       |    34 ||    34
Throw: Dart              |     7 |    11 ||    18
Evoke: Wand              |     4 |    10 ||    14
  Use: Potion            |     2 |     4 ||     6
       Scroll            |     2 |     6 ||     8
 Stab: Sleeping          |       |     2 ||     2
  Eat: Chunk             |     3 |     4 ||     7
Armor: Leather armour    |    40 |    51 ||    91
Dodge: Dodged            |   125 |   112 ||   237

Table legend:
 A = Non-vault XP
 B = Vault XP
 C = Vault XP percentage of total XP
 D = Non-vault monster count
 E = Vault monster count
 F = Vault count percentage of total count
                 A         B        C        D         E       F
            +---------+---------+-------+---------+---------+-------
      Total |     315 |       0 |   0.0 |      73 |       0 |   0.0
            +---------+---------+-------+---------+---------+-------
        D:1 |      48 |       0 |   0.0 |      28 |       0 |   0.0
        D:2 |     177 |       0 |   0.0 |      27 |       0 |   0.0
        D:3 |      42 |       0 |   0.0 |      16 |       0 |   0.0
        D:4 |      48 |       0 |   0.0 |       2 |       0 |   0.0
            +---------+---------+-------+---------+---------+-------
